 Dungeon Crawl Stone Soup version 0.24-a0-496-gbe733cd003 (webtiles) character file.

Game seed: 8402482934552763715

101938 Essalna the Martial Artist (level 16, 0/127 HPs)
             Began as a Gnoll Monk on July 13, 2019.
             Was the Champion of Vehumet.
             Slain by Frances
             ... wielding a +2 battleaxe of chopping
              (21 damage)
             ... on level 13 of the Dungeon.
             The game lasted 02:01:55 (31826 turns).

Essalna the Martial Artist (Gnoll Monk)            Turns: 31826, Time: 02:01:56

Health: 0/127      AC: 12    Str: 17      XL:     16   Next: 31%
Magic:  5/36       EV: 22    Int: 19      God:    Vehumet [******]
Gold:   2189       SH:  7    Dex: 18 (19) Spells: 17/36 levels left

rFire    + . .     SeeInvis .   C - +8 short sword of the Final Decision {pierce, rElec MR+ Str+4}
rCold    + + .     Gourm    .   G - +0 buckler
rNeg     . . .     Faith    .   J - +2 robe {rC+ rF+}
rPois    .         Spirit   .   e - +2 hat
rElec    +         Reflect  .   E - +2 cloak {MR+}
rCorr    .         Harm     .   (no gloves)
MR       +++..     Rnd*Rage +   B - +0 pair of boots "Biomuy" {+Inv rC+}
Stlth    +++++.....             Q - amulet of magic regeneration
HPRegen  0.31/turn              t - +1 ring of protection
MPRegen  0.50/turn              Z - ring of magical power

@: lethally poisoned (0 -> -5)
A: distributed training, fangs 1, berserk 1, deterioration 1, low mp 1, sense
surroundings 1, strong nose
a: Renounce Religion, Evoke Invisibility


You were on level 13 of the Dungeon.
You worshipped Vehumet.
Vehumet was exalted by your worship.
You were very hungry.

You visited 4 branches of the dungeon, and saw 23 of its levels.
You also visited: Ossuary and Ice Cave.

You collected 2519 gold pieces.
You spent 330 gold pieces at shops.

Inventory:

Hand Weapons
 C - the +8 short sword of the Final Decision (weapon) {pierce, rElec MR+ Str+4}
   (You bought it in a shop on level 6 of the Dungeon)

   It inflicts extra damage upon your enemies.
   It affects your strength (+4).
   It insulates you from electricity.
   It affects your resistance to hostile enchantments.
 O - a +3 longbow of flaming
Missiles
 S - 196 arrows
Armour
 e - a +2 hat (worn)
 B - the +0 pair of boots "Biomuy" (worn) {+Inv rC+}
   (You found it on level 6 of the Dungeon)

   It protects you from cold.
   It lets you turn invisible.
 E - a +2 cloak of magic resistance (worn)
 G - a +0 buckler (worn)
 J - a +2 robe of resistance (worn)
Jewellery
 f - an uncursed ring of resist corrosion
 h - an uncursed amulet of guardian spirit
 o - a cursed amulet of inaccuracy
 p - an uncursed ring of ice
 r - an uncursed amulet of the gourmand
 t - a +1 ring of protection (left hand)
 z - an uncursed ring of flight
 I - an uncursed ring of protection from magic
 L - an uncursed ring of protection from fire
 Q - an amulet of magic regeneration (around neck)
 T - an uncursed ring of stealth
 U - an uncursed ring of poison resistance
 Z - a ring of magical power (right hand)
Wands
 a - a wand of iceblast (17)
 d - a wand of random effects (18)
 y - a wand of acid (17)
 P - a wand of clouds (1)
Scrolls
 c - 8 scrolls of identify
 k - 6 scrolls of enchant weapon
 l - 2 scrolls of blinking
 n - 7 scrolls of remove curse
 v - 4 scrolls of immolation
 w - 4 scrolls of enchant armour
 x - 9 scrolls of magic mapping
 D - a scroll of amnesia
 F - 2 scrolls of fear
 N - a scroll of brand weapon
Potions
 g - 5 potions of might
 i - 3 potions of haste
 j - 3 potions of brilliance
 m - 2 potions of cancellation
 q - 7 potions of heal wounds
 s - a potion of magic
 u - 4 potions of flight
 A - a potion of berserk rage
 H - a potion of resistance
 M - 4 potions of ambrosia
 R - a potion of invisibility
 V - 3 potions of curing
 W - a potion of degeneration
Comestibles
 b - 20 rations
 K - 2 chunks of flesh


   Skills:
 + Level 12.2 Fighting
 + Level 10.5 Short Blades
 + Level 10.5 Long Blades
 + Level 10.5 Axes
 + Level 10.5 Maces & Flails
 + Level 10.5 Polearms
 + Level 10.5 Staves
 + Level 10.5 Slings
 + Level 10.5 Bows
 + Level 10.5 Crossbows
 + Level 10.5 Throwing
 + Level 10.5 Armour
 + Level 12.2 Dodging
 + Level 11.3 Stealth
 + Level 10.5 Shields
 + Level 12.2 Unarmed Combat
 + Level 10.5 Spellcasting
 + Level 8.9 Conjurations
 + Level 8.9 Hexes
 + Level 8.9 Charms
 + Level 8.9 Summonings
 + Level 8.9 Necromancy
 + Level 8.9 Translocations
 + Level 8.9 Transmutations
 + Level 8.9 Fire Magic
 + Level 8.9 Ice Magic
 + Level 8.9 Air Magic
 + Level 8.9 Earth Magic
 + Level 8.9 Poison Magic
 + Level 11.4 Invocations
 + Level 10.5 Evocations


You had 17 spell levels left.
You knew the following spells:

 Your Spells              Type           Power        Failure   Level  Hunger
a - Searing Ray           Conj           #####.       1%          2    None
b - Bolt of Draining      Conj/Necr      #####.....   1%          5    ####...
c - Lee's Rapid Deconstr  Erth           #####.....   1%          5    ####...
d - Orb of Destruction    Conj           #####.....   36%         7    #######

Your spell library contained the following spells:

 Spells                   Type           Power        Failure   Level  Hunger
 Poison Arrow             Conj/Pois      #####.....   7%          6    ######.
 Corona                   Hex            #####..      1%          1    None
 Sandblast                Erth           #####.       1%          1    None
 Ensorcelled Hibernation  Hex/Ice        #####.       1%          2    None
 Passwall                 Tmut/Erth      #####...     1%          2    None
 Confuse                  Hex            #####...     1%          3    None
 Dazzling Spray           Conj/Hex       #####.       1%          3    None
 Stone Arrow              Conj/Erth      #####.       1%          3    None
 Tukima's Dance           Hex            #####...     1%          3    None
 Petrify                  Tmut/Erth      #####...     1%          4    ##.....
 Borgnjor's Vile Clutch   Necr/Erth      #####.....   4%          5    ####...
 Silence                  Hex/Air        #####.....   4%          5    ####...
 Darkness                 Hex            #####.....   26%         6    ######.
 Shadow Creatures         Summ           N/A          26%         6    ######.


Dungeon Overview and Level Annotations

Branches:
Dungeon (14/15)            Temple (1/1) D:5            Lair (6/6) D:10
  Swamp (0/4) Lair:3       Spider (0/4) Lair:4        Slime (0/5) Lair:6
    Orc (2/2) D:12            Elf (0/3) Orc:2        Vaults (0/5) D:13

Altars:
Cheibriados
Dithmenos
Elyvilon
Fedhas
Gozag
Hepliaklqana
Kikubaaqudgha
Makhleb
Nemelex Xobeh
Okawaru
Ru
Sif Muna
Uskayaw
Vehumet
Wu Jian
Yredelemnul
Beogh

Shops:
D:6 (!}:   D:13 [   Orc:2 (}%%

Portals:
Pandemonium: Orc:2

Annotations:
D:13 Frances


Innate Abilities, Weirdness & Mutations

Your experience applies equally to all skills.
You have very sharp teeth.
Your uncanny sense of smell can sniff out nearby items.
You tend to lose your temper in combat.
Your body sometimes deteriorates upon taking damage.
Your magical capacity is low. (-10% MP)
You passively map a small area around you.


Message History

You feel sick.
Frances whispers indecipherable words.
The iron shot hits you!!
The red devil hits you but does no damage.
You puncture Frances!
Frances is almost dead.
You feel sick. The orange demon misses you.
Frances whispers indecipherable words.
The shard of ice hits you! You partially resist.
* * * LOW HITPOINT WARNING * * *
You hit Frances but do no damage. You bite Frances, but do no damage.
Frances is almost dead.
The red devil hits you with a +0 trident!
* * * LOW HITPOINT WARNING * * *
You hit Frances.
Frances is almost dead.
You feel sick.
The orange demon stings you but does no damage.
Frances hits you with a +2 battleaxe of chopping!!
You die...

...[#.###....#...#.....# ......#
#....#...#.....# .#.####
#....#...#...### ...#
#....#...#...# ...#
#.##.#...#...# ...####
#....#####...############ ......#
#####....4###............ ....#.#
#.###@#.#......#....# ......#
#####...@4#.#............ ......#
#....######.####'##......
....#.###.##[#.)..........#......
..........##.#'####.......#......
...###.#..........######'##).....
...#.#........##............#####
...#.#...####..........#....#....
.#.#.'.#.#..#..........#..).#....
...#.#...#..#.###...........###'#


You could see Frances, an orange demon and a red devil.

Vanquished Creatures
  Donald (Orc:2)
  A frost giant (IceCv)
  An orc warlord (Orc:2)
  Nessos (D:12)
  Snorg (Lair:3)
  Josephine (Lair:1)
  4 vault guards (D:13)
  Harold (D:10)
  11 hydras
  Erolcha (D:9)
  2 centaur warriors (D:13)
  A tengu warrior (D:13)
  A two-headed ogre (D:11)
  9 death yaks
  5 orc high priests (Orc:2)
  3 unseen horrors
  2 gelid demonspawn (Orc:2)
  A torturous demonspawn (Orc:2)
  Pikel (D:7)
  6 orc sorcerers (Orc:2)
  2 ugly things (D:13)
  A cyclops (D:12)
  6 orc knights (Orc:2)
  3 deep elf magi
  Joseph (D:8)
  A rust devil (Orc:2)
  5 black mambas
  Maurice (D:10)
  A torpor snail (Lair:5)
  25 elephants
  11 spiny frogs
  2 ice statues (IceCv)
  A centaur skeleton (D:13)
  2 rime drakes
  3 komodo dragons
  A freezing wraith (D:13)
  A red devil (Orc:2)
  A jumping spider (Lair:4)
  13 polar bears
  A queen bee (D:10)
  4 trolls
  Prince Ribbit (D:5)
  4 hornets (Lair:6)
  15 dream sheep
  14 blink frogs
  A bog body (Lair:3)
  8 slime creatures (D:13)
  6 hippogriffs
  A redback (Lair:4)
  4 wraiths
  11 spriggans
  A vampire (D:13)
  3 ynoxinuls (Orc:2)
  2 wyverns
  23 yaks
  Eustachio (D:6)
  Grum (D:9)
  3 basilisks
  A neqoxec (Orc:2)
  A hungry ghost (D:10)
  6 vampire mosquitoes
  An insubstantial wisp (Lair:3)
  2 soldier ants
  2 wargs (Orc:1)
  10 water moccasins
  Duvessa (D:7)
  13 porcupines
  16 ice beasts
  11 black bears
  39 orc warriors
  15 ogres
  3 phantoms
  An eye of draining (shapeshifter) (D:13)
  3 sky beasts
  4 eyes of draining (D:13)
  3 boggarts (Lair:6)
  27 wolves
  11 centaurs
  The ghost of Burgietje the Skirmisher, an amateur GrFi (D:3)
  30 crocodiles
  A big kobold (D:13)
  18 bullfrogs
  A wyvern zombie (D:8)
  A gnoll sergeant (D:9)
  Dowan (D:7)
  A water moccasin zombie (D:6)
  15 scorpions
  30 killer bees
  8 wights
  An electric eel (Lair:1)
  2 bullfrog zombies
  6 crimson imps
  7 hounds
  14 jellies
  A centaur zombie (Ossuary)
  A gnoll shaman (D:4)
  25 orc priests
  Crazy Yiuf (D:6)
  19 orc wizards
  2 bullfrog skeletons
  4 iguanas
  Ijyb (D:5)
  3 hell rats (Lair:2)
  10 worker ants
  A killer bee zombie (D:8)
  2 big kobold zombies (Ossuary)
  A hound zombie (D:10)
  A hound skeleton (D:8)
  3 mummies (Ossuary)
  12 gnolls
  A worker ant zombie (D:10)
  4 river rats (Lair:2)
  A scorpion zombie (Ossuary)
  11 adders
  4 shadow imps
  2 oozes
  3 adder zombies
  3 adder skeletons
  2 worms
  10 leopard geckos
  118 orcs
  4 giant cockroaches
  5 gnoll zombies
  7 goblins
  8 hobgoblins
  11 kobolds
  7 quokkas
  14 bats
  17 frilled lizards
  3 goblin zombies (Ossuary)
  A hobgoblin zombie (Ossuary)
  2 kobold zombies (Ossuary)
  A leopard gecko skeleton (D:8)
  A leopard gecko zombie (D:7)
  4 orc zombies (Ossuary)
  19 rats
  A plant (Lair:3)
897 creatures vanquished.

Vanquished Creatures (others)
  A polar bear (IceCv)
  4 bushes (Lair:6)
  51 fungi
  15 plants
71 creatures vanquished.

Grand Total: 968 creatures vanquished

Notes
Turn   | Place    | Note
-------+----------+-------------------------------------------
     0 | D:1      | Essalna the Gnoll Monk began the quest for the Orb.
     0 | D:1      | Reached XP level 1. HP: 23/23 MP: 1/1
   101 | D:1      | Reached XP level 2. HP: 26/29 MP: 2/2
   362 | D:1      | Reached XP level 3. HP: 35/35 MP: 3/3
   588 | D:2      | Found a burning altar of Makhleb.
   640 | D:2      | Reached skill level 1 in Invocations
   667 | D:2      | Found a sparkling altar of Nemelex Xobeh.
   681 | D:2      | Reached skill level 1 in Short Blades
   681 | D:2      | Reached skill level 1 in Long Blades
   681 | D:2      | Reached skill level 1 in Axes
   681 | D:2      | Reached skill level 1 in Maces & Flails
   681 | D:2      | Reached skill level 1 in Polearms
   681 | D:2      | Reached skill level 1 in Staves
   681 | D:2      | Reached skill level 1 in Slings
   681 | D:2      | Reached skill level 1 in Bows
   681 | D:2      | Reached skill level 1 in Crossbows
   681 | D:2      | Reached skill level 1 in Throwing
   681 | D:2      | Reached skill level 1 in Armour
   681 | D:2      | Reached skill level 1 in Shields
   681 | D:2      | Reached skill level 1 in Spellcasting
   681 | D:2      | Reached skill level 1 in Evocations
   681 | D:2      | Reached XP level 4. HP: 30/41 MP: 3/5
  1296 | D:2      | Found a basalt altar of Yredelemnul.
  1684 | D:3      | Reached skill level 1 in Conjurations
  1684 | D:3      | Reached skill level 1 in Hexes
  1684 | D:3      | Reached skill level 1 in Charms
  1684 | D:3      | Reached skill level 1 in Summonings
  1684 | D:3      | Reached skill level 1 in Necromancy
  1684 | D:3      | Reached skill level 1 in Translocations
  1684 | D:3      | Reached skill level 1 in Transmutations
  1684 | D:3      | Reached skill level 1 in Fire Magic
  1684 | D:3      | Reached skill level 1 in Ice Magic
  1684 | D:3      | Reached skill level 1 in Air Magic
  1684 | D:3      | Reached skill level 1 in Earth Magic
  1684 | D:3      | Reached skill level 1 in Poison Magic
  1707 | D:3      | Found a large runed translucent door.
  1735 | D:3      | Found a large runed translucent door.
  1738 | D:3      | Noticed Burgietje's ghost (amateur GrFi)
  1780 | D:3      | Reached XP level 5. HP: 43/47 MP: 4/6
  2049 | D:3      | Killed Burgietje's ghost
  2159 | D:4      | Reached XP level 6. HP: 46/53 MP: 6/8
  2471 | D:4      | Found an iron altar of Okawaru.
  3125 | D:5      | Entered Level 5 of the Dungeon
  3135 | D:5      | Reached XP level 7. HP: 59/59 MP: 10/10
  3218 | D:5      | Found a blossoming altar of Fedhas.
  3292 | D:5      | Noticed Prince Ribbit
  3309 | D:5      | Found a sand-covered staircase.
  3309 | D:5      | Noticed Ijyb
  3316 | Ossuary  | Entered an ossuary
  3644 | Ossuary  | Reached skill level 5 in Stealth
  3747 | Ossuary  | Reached XP level 8. HP: 43/67 MP: 9/12
  4218 | D:5      | Killed Prince Ribbit
  4244 | D:5      | Killed Ijyb
  4329 | D:5      | Found a staircase to the Ecumenical Temple.
  4357 | Temple   | Entered the Ecumenical Temple
  4388 | Temple   | Became a worshipper of Vehumet
  4388 | Temple   | Reached * piety under Vehumet
  4388 | Temple   | Offered knowledge of Sting by Vehumet.
  4388 | Temple   | Reached ** piety under Vehumet
  4533 | D:5      | Offered knowledge of Throw Frost by Vehumet.
  4713 | D:5      | Found a deep blue altar of Sif Muna.
  4832 | D:6      | Found Satzot's Gadget Boutique.
  4835 | D:6      | Noticed Eustachio
  4868 | D:6      | Found a white marble altar of Elyvilon.
  4875 | D:6      | Killed Eustachio
  4920 | D:6      | Reached XP level 9. HP: 52/72 MP: 9/14
  4948 | D:6      | Found a deep blue altar of Sif Muna.
  4984 | D:6      | Got a pair of warped boots
  4999 | D:6      | Identified the +0 pair of boots "Biomuy" {+Inv rC+} (You
                  | found it on level 6 of the Dungeon)
  4999 | D:6      | Found Zovviq's Antique Weapon Emporium.
  5008 | D:6      | Bought a crystal short sword for 160 gold pieces
  5008 | D:6      | Identified the +8 short sword of the Final Decision
                  | {pierce, rElec MR+ Str+4} (You bought it in a shop on level
                  | 6 of the Dungeon)
  5009 | D:6      | Bought a slimy war axe for 170 gold pieces
  5009 | D:6      | Identified the +0 war axe "Ykuukak" {chop, Str+4} (You
                  | bought it in a shop on level 6 of the Dungeon)
  5074 | D:6      | Found a shadowy altar of Dithmenos.
  5074 | D:6      | Found an iron altar of Okawaru.
  5157 | D:6      | Found Oduot's Distillery.
  5240 | D:6      | Offered knowledge of Searing Ray by Vehumet.
  5251 | D:6      | Learned a level 2 spell: Searing Ray
  5260 | D:6      | Found Ishamupp's Book Shop.
  5298 | D:6      | Found a runed translucent door.
  5299 | D:6      | Noticed Crazy Yiuf
  5306 | D:6      | Killed Crazy Yiuf
  5807 | D:7      | Noticed Duvessa
  5807 | D:7      | Noticed Dowan
  5838 | D:7      | Killed Duvessa
  5838 | D:7      | Reached *** piety under Vehumet
  5850 | D:7      | Killed Dowan
  6133 | D:7      | Found an ornate altar of the Wu Jian Council.
  6146 | D:7      | Found an opulent altar of Gozag.
  6328 | D:7      | Noticed Pikel
  6350 | D:7      | Killed Pikel
  6350 | D:7      | Reached skill level 5 in Invocations
  6562 | D:8      | Reached XP level 10. HP: 80/80 MP: 17/17
  6671 | D:8      | Offered knowledge of Olgreb's Toxic Radiance by Vehumet.
  6769 | D:8      | Noticed Joseph
  6790 | D:8      | Killed Joseph
  6790 | D:8      | Reached skill level 5 in Short Blades
  6790 | D:8      | Reached skill level 5 in Long Blades
  6790 | D:8      | Reached skill level 5 in Axes
  6790 | D:8      | Reached skill level 5 in Maces & Flails
  6790 | D:8      | Reached skill level 5 in Polearms
  6790 | D:8      | Reached skill level 5 in Staves
  6790 | D:8      | Reached skill level 5 in Slings
  6790 | D:8      | Reached skill level 5 in Bows
  6790 | D:8      | Reached skill level 5 in Crossbows
  6790 | D:8      | Reached skill level 5 in Throwing
  6790 | D:8      | Reached skill level 5 in Armour
  6790 | D:8      | Reached skill level 5 in Shields
  6790 | D:8      | Reached skill level 5 in Spellcasting
  6790 | D:8      | Reached skill level 5 in Evocations
  7662 | D:9      | Reached **** piety under Vehumet
  7679 | D:9      | Offered knowledge of Bolt of Draining by Vehumet.
  7860 | D:9      | Killed an unseen horror
  7901 | D:9      | Noticed Grum
  7927 | D:9      | Killed Grum
  8137 | D:9      | Noticed Erolcha
  8145 | D:9      | Killed Erolcha
  8145 | D:9      | Reached XP level 11. HP: 67/87 MP: 17/19
  8157 | D:9      | Found Comets's Assorted Antiques.
  8353 | D:9      | You fall into a shaft and drop 1 floor!
  8353 | D:10     | Entered Level 10 of the Dungeon
  8596 | D:10     | Noticed Maurice
  8601 | D:10     | Killed Maurice
  8728 | D:10     | Reached skill level 5 in Conjurations
  8728 | D:10     | Reached skill level 5 in Hexes
  8728 | D:10     | Reached skill level 5 in Charms
  8728 | D:10     | Reached skill level 5 in Summonings
  8728 | D:10     | Reached skill level 5 in Necromancy
  8728 | D:10     | Reached skill level 5 in Translocations
  8728 | D:10     | Reached skill level 5 in Transmutations
  8728 | D:10     | Reached skill level 5 in Fire Magic
  8728 | D:10     | Reached skill level 5 in Ice Magic
  8728 | D:10     | Reached skill level 5 in Air Magic
  8728 | D:10     | Reached skill level 5 in Earth Magic
  8728 | D:10     | Reached skill level 5 in Poison Magic
  9129 | D:10     | Found a staircase to the Lair.
  9147 | D:10     | Noticed Josephine
  9158 | Lair:1   | Entered Level 1 of the Lair of Beasts
  9209 | Lair:1   | Reached ***** piety under Vehumet
  9242 | Lair:1   | Noticed a seven-headed hydra
  9258 | Lair:1   | Learned a level 5 spell: Bolt of Draining
  9274 | Lair:1   | Killed a seven-headed hydra
  9382 | Lair:1   | Got a warped rapier
  9383 | Lair:1   | Identified the cursed +1 rapier "Linn" {speed, rF+} (You
                  | found it on level 1 of the Lair of Beasts)
  9417 | Lair:1   | Noticed a six-headed hydra
  9426 | Lair:1   | Killed a six-headed hydra
  9636 | Lair:1   | Found a frozen archway.
  9681 | Lair:1   | Offered knowledge of Bolt of Cold by Vehumet.
  9690 | IceCv    | Entered an ice cave
  9894 | IceCv    | Reached XP level 12. HP: 38/96 MP: 7/22
 10872 | IceCv    | Noticed a frost giant
 11407 | IceCv    | Killed a frost giant
 12470 | Lair:1   | Reached skill level 10 in Fighting
 12470 | Lair:1   | Reached skill level 10 in Dodging
 12470 | Lair:1   | Reached skill level 10 in Unarmed Combat
 13342 | Lair:2   | Reached XP level 13. HP: 36/103 MP: 19/24
 13365 | Lair:2   | HP: 5/103 [poisoned by a black mamba]
 13371 | Lair:2   | HP: 3/103 [poisoned by a black mamba]
 13378 | Lair:2   | HP: 2/103 [poisoned by a black mamba]
 13385 | Lair:2   | HP: 1/103 [poisoned by a black mamba]
 13393 | Lair:2   | HP: 2/103 [poisoned by a black mamba]
 13783 | Lair:2   | Got a faintly glowing leather armour
 13785 | Lair:2   | Offered knowledge of Lee's Rapid Deconstruction by Vehumet.
 13798 | Lair:2   | Learned a level 5 spell: Lee's Rapid Deconstruction
 14703 | Lair:3   | Identified the +2 leather armour "Enezxu" {+Inv} (You found
                  | it on level 2 of the Lair of Beasts)
 14882 | Lair:3   | Noticed Snorg
 14887 | Lair:3   | Killed Snorg
 15602 | Lair:3   | Found a staircase to the Swamp.
 16424 | Lair:4   | Found a hole to the Spider Nest.
 16945 | Lair:5   | Offered knowledge of Bolt of Magma by Vehumet.
 17012 | Lair:6   | Entered Level 6 of the Lair of Beasts
 17898 | Lair:5   | Reached XP level 14. HP: 97/111 MP: 12/26
 18813 | Lair:6   | Found a staircase to the Slime Pits.
 18814 | Lair:6   | Offered knowledge of Irradiate by Vehumet.
 19173 | Lair:6   | Reached skill level 10 in Stealth
 19516 | Lair:6   | Reached skill level 10 in Invocations
 21862 | Lair:6   | Reached XP level 15. HP: 112/119 MP: 5/28
 22230 | Lair:1   | Gained mutation: Your body sometimes deteriorates upon
                  | taking damage. [potion of mutation]
 22230 | Lair:1   | Gained mutation: Your mind is acute. (Int +2) [potion of
                  | mutation]
 22230 | Lair:1   | Gained mutation: Your magical capacity is low. (-10% MP)
                  | [potion of mutation]
 22230 | Lair:1   | Gained mutation: You have a pair of small antennae on your
                  | head. [potion of mutation]
 22414 | Lair:1   | Killed Josephine
 23319 | D:10     | Noticed Harold
 23340 | D:10     | Killed Harold
 23612 | D:10     | Reached ****** piety under Vehumet
 23916 | D:11     | Offered knowledge of Ozocubu's Refrigeration by Vehumet.
 24835 | D:12     | Noticed Nessos
 24867 | D:12     | Killed Nessos
 24941 | D:12     | Lost mutation: Your mind is acute. (Int +2) [potion of
                  | mutation]
 24941 | D:12     | Lost mutation: Your magical capacity is low. (-10% MP)
                  | [potion of mutation]
 24941 | D:12     | Lost mutation: You have a pair of small antennae on your
                  | head. [potion of mutation]
 24941 | D:12     | Gained mutation: You tend to lose your temper in combat.
                  | [potion of mutation]
 24941 | D:12     | Gained mutation: Your magical capacity is low. (-10% MP)
                  | [potion of mutation]
 24941 | D:12     | Gained mutation: You passively map a small area around you.
                  | [potion of mutation]
 25419 | D:12     | Found a staircase to the Orcish Mines.
 25424 | Orc:1    | Entered Level 1 of the Orcish Mines
 25469 | Orc:1    | Found a roughly hewn altar of Beogh.
 25577 | Orc:2    | Entered Level 2 of the Orcish Mines
 25661 | Orc:2    | Noticed an orc warlord
 25842 | Orc:1    | Offered knowledge of Orb of Destruction by Vehumet.
 26089 | Orc:1    | Learned a level 7 spell: Orb of Destruction
 26250 | Orc:2    | Killed an orc warlord
 26415 | Orc:2    | Found Qelidaux's Food Emporium.
 26445 | Orc:2    | Reached skill level 10 in Short Blades
 26445 | Orc:2    | Reached skill level 10 in Long Blades
 26445 | Orc:2    | Reached skill level 10 in Axes
 26445 | Orc:2    | Reached skill level 10 in Maces & Flails
 26445 | Orc:2    | Reached skill level 10 in Polearms
 26445 | Orc:2    | Reached skill level 10 in Staves
 26445 | Orc:2    | Reached skill level 10 in Slings
 26445 | Orc:2    | Reached skill level 10 in Bows
 26445 | Orc:2    | Reached skill level 10 in Crossbows
 26445 | Orc:2    | Reached skill level 10 in Throwing
 26445 | Orc:2    | Reached skill level 10 in Armour
 26445 | Orc:2    | Reached skill level 10 in Shields
 26445 | Orc:2    | Reached skill level 10 in Spellcasting
 26445 | Orc:2    | Reached skill level 10 in Evocations
 26531 | Orc:2    | Found Udwolic's Food Shoppe.
 27193 | Orc:2    | Noticed Donald
 27230 | Orc:2    | Killed Donald
 27332 | Orc:2    | Found a staircase to the Elven Halls.
 27883 | Orc:2    | Offered knowledge of Poison Arrow by Vehumet.
 28679 | Orc:2    | Found Ujewar's Antique Weapon Shop.
 28679 | Orc:2    | Found Hocudij's Gadget Boutique.
 28776 | Orc:2    | Found a one-way gate leading to the halls of Pandemonium.
 29236 | Orc:1    | Reached XP level 16. HP: 121/127 MP: 27/27
 30070 | D:13     | Noticed Frances
 30094 | D:13     | Found Oqump's Armour Shop.
 30815 | D:13     | Found a gate to the Vaults.
 31826 | D:13     | Slain by Frances

Levels and vault maps discovered:
D:1:      wander_arrival_estate, layout_rooms, minmay_quantized
D:2:      layout_rooms, overflow_temple_1_default,
          lemuel_zombie_altar_yredelemnul, bloody_makhleb
D:3:      layout_basic, ebering_ghost_disaster_area
D:4:      layout_loops_ring, okawaru_altar_gauntlet_db
D:5:      layout_loops_ring, led_sif_book, lemuel_doored_altar,
          minmay_temple_entry_drinking_statues, chequers_ossuary_entry_cave,
          first_ration, uniq_prince_ribbit1, uniq_ijyb
D:6:      layout_loops_ring, old_standard_altar, grunt_temple_overflow_open,
          serial_shops, shop, shop, shop_fountains, kennysheep_mini,
          basic_altar, uniq_eustachio, uniq_crazy_yiuf_cottage
D:7:      layout_cave_pods, amethyst_overflow_temple_binary, uniq_duvessa,
          uniq_pikel
D:8:      layout_rooms, uniq_joseph
D:9:      layout_roguey, serial_shops, shop, uniq_grum, uniq_erolcha
D:10:     layout_stronghold, due_lair_maze_entry_diamond, serial_column_ruins,
          column_ruins_hut, column_ruins_columns_corner,
          column_ruins_columns_straight, column_ruins_columns_corner,
          column_ruins_grid_1, column_ruins_grid_2, david_nohive_1,
          uniq_josephine, uniq_maurice, uniq_harold
D:11:     layout_basic
D:12:     layout_gridville, hiddenorc1_lemuel, uniq_nessos
D:13:     layout_stronghold, lightli_vaults_fourway_checkpoint, serial_shops,
          nicolae_shop_temple_entry_statues_fountains, uniq_frances
D:14:     layout_rooms, ebering_ghost_disaster_area, chequers_jeans,
          minmay_shop_grid_forest
Temple:   nicolae_temple_hex_pool
Lair:1:   lemuel_reptile_caves, layout_loops_ring,
          portal_ice_cave_entry_ice_beasts, st_stairs_11,
          infiniplex_staircase_pool
Lair:2:   layout_cave_pods, kennysheep_abandoned_house
Lair:3:   layout_regular_city, skrybe_swamp_entry_bodies, pond, uniq_snorg
Lair:4:   layout_misc_corridors, spider_nest_entry_a, columned_hall_lemuel,
          grunt_megastairs_2, serial_bayou_shore_b
Lair:5:   layout_long_grid
Lair:6:   minmay_lair_end_enchanted_forest, layout_regular_city,
          minmay_slime_entry_jelly_boxes, lemuel_fruit_tree
Orc:1:    layout_diamond_mine, basic_altar
Orc:2:    pf_orc_diabolical, layout_caves, uniq_donald

Skill      XL: |  1  2  3  4  5  6  7  8  9 10 11 12 13 14 15 |
---------------+----------------------------------------------+-----
Invocations    | 1 2 3 4 5 6 7 8 9 10 11 | 11.4
Short Blades   | 1 2 3 4 5 6 7 8 9 10 | 10.5
Long Blades    | 1 2 3 4 5 6 7 8 9 10 | 10.5
Axes           | 1 2 3 4 5 6 7 8 9 10 | 10.5
Maces & Flails | 1 2 3 4 5 6 7 8 9 10 | 10.5
Polearms       | 1 2 3 4 5 6 7 8 9 10 | 10.5
Staves         | 1 2 3 4 5 6 7 8 9 10 | 10.5
Slings         | 1 2 3 4 5 6 7 8 9 10 | 10.5
Bows           | 1 2 3 4 5 6 7 8 9 10 | 10.5
Crossbows      | 1 2 3 4 5 6 7 8 9 10 | 10.5
Throwing       | 1 2 3 4 5 6 7 8 9 10 | 10.5
Armour         | 1 2 3 4 5 6 7 8 9 10 | 10.5
Shields        | 1 2 3 4 5 6 7 8 9 10 | 10.5
Spellcasting   | 1 2 3 4 5 6 7 8 9 10 | 10.5
Evocations     | 1 2 3 4 5 6 7 8 9 10 | 10.5
Conjurations   | 1 2 3 4 5 6 7 8 |  8.9
Hexes          | 1 2 3 4 5 6 7 8 |  8.9
Charms         | 1 2 3 4 5 6 7 8 |  8.9
Summonings     | 1 2 3 4 5 6 7 8 |  8.9
Necromancy     | 1 2 3 4 5 6 7 8 |  8.9
Translocations | 1 2 3 4 5 6 7 8 |  8.9
Transmutations | 1 2 3 4 5 6 7 8 |  8.9
Fire Magic     | 1 2 3 4 5 6 7 8 |  8.9
Ice Magic      | 1 2 3 4 5 6 7 8 |  8.9
Air Magic      | 1 2 3 4 5 6 7 8 |  8.9
Earth Magic    | 1 2 3 4 5 6 7 8 |  8.9
Poison Magic   | 1 2 3 4 5 6 7 8 |  8.9
Fighting       | 7 8 9 10 11 12 | 12.2
Dodging        | 7 8 9 10 11 12 | 12.2
Unarmed Combat | 7 8 9 10 11 12 | 12.2
Stealth        | 5 6 7 8 9 10 11 | 11.3

Action                   |  1- 3 |  4- 6 |  7- 9 | 10-12 | 13-15 | 16-18 || total
-------------------------+-------+-------+-------+-------+-------+-------++-------
Melee: Unarmed           |   117 |    15 |       |       |       |       ||   132
       Bite              |     9 |    12 |    66 |   130 |   205 |    41 ||   463
       Punch             |     1 |     9 |    25 |    48 |    32 |       ||   115
       Short sword       |       |   145 |   467 |   769 |  1343 |   225 ||  2949
 Cast: Searing Ray       |       |       |     4 |     5 |       |       ||     9
       Bolt of Draining  |       |       |       |    32 |   294 |    54 ||   380
       Lee's Rapid Decon |       |       |       |       |   115 |    12 ||   127
       Orb of Destructio |       |       |       |       |     2 |       ||     2
  Use: Scroll            |       |    10 |    11 |     6 |     8 |     4 ||    39
       Potion            |       |     3 |       |     3 |     9 |       ||    15
 Stab: Sleeping          |    13 |     8 |    11 |    15 |    28 |     2 ||    77
       Distracted        |       |       |       |     2 |     2 |     2 ||     6
  Eat: Chunk             |       |     2 |     9 |    33 |   119 |    10 ||   173
       Ration            |       |     1 |     1 |       |    10 |     3 ||    15
Armor: Robe              |    28 |    10 |    26 |   149 |   269 |    74 ||   556
       Skin              |       |     2 |       |       |       |       ||     2
       Ring mail         |       |       |    68 |       |       |       ||    68
Dodge: Dodged            |    92 |    84 |   276 |   806 |  1375 |   173 ||  2806
Block: Buckler           |       |       |       |       |   263 |    71 ||   334

Table legend:
 A = Non-vault XP
 B = Vault XP
 C = Vault XP percentage of total XP
 D = Non-vault monster count
 E = Vault monster count
 F = Vault count percentage of total count
                 A         B        C        D         E       F
            +---------+---------+-------+---------+---------+-------
      Total |   85264 |   60362 |  41.5 |     549 |     348 |  38.8
            +---------+---------+-------+---------+---------+-------
        D:1 |      37 |       4 |   9.8 |      26 |       3 |  10.3
        D:2 |      49 |       4 |   7.5 |      14 |       2 |  12.5
        D:3 |      72 |     106 |  59.6 |      14 |       1 |   6.7
        D:4 |     221 |      25 |  10.2 |      20 |       6 |  23.1
        D:5 |     220 |     361 |  62.1 |       8 |       3 |  27.3
        D:6 |     503 |     237 |  32.0 |      24 |       2 |   7.7
        D:7 |    1223 |     830 |  40.4 |      21 |       3 |  12.5
        D:8 |     922 |     493 |  34.8 |      24 |       1 |   4.0
        D:9 |    2684 |    1406 |  34.4 |      29 |       4 |  12.1
       D:10 |    2415 |    4175 |  63.4 |      38 |      26 |  40.6
       D:11 |    3581 |       0 |   0.0 |      23 |       0 |   0.0
       D:12 |    3425 |    1538 |  31.0 |      26 |      18 |  40.9
       D:13 |   10759 |    5844 |  35.2 |      45 |      12 |  21.1
     Lair:1 |    4444 |    4931 |  52.6 |      17 |      56 |  76.7
     Lair:2 |    4430 |    1115 |  20.1 |      16 |      14 |  46.7
     Lair:3 |    4363 |    2330 |  34.8 |      16 |       8 |  33.3
     Lair:4 |    4689 |     653 |  12.2 |      17 |       3 |  15.0
     Lair:5 |    9067 |     854 |   8.6 |      27 |       5 |  15.6
     Lair:6 |   24097 |    6611 |  21.5 |      57 |      50 |  46.7
      Orc:1 |    2513 |       0 |   0.0 |      39 |       0 |   0.0
      Orc:2 |    5550 |   18217 |  76.6 |      48 |      65 |  57.5
    Ossuary |       0 |     857 | 100.0 |       0 |      30 | 100.0
      IceCv |       0 |    9771 | 100.0 |       0 |      36 | 100.0
            +---------+---------+-------+---------+---------+-------
